Staline vs Saguenéens
(R1)
Created - 1 février 2014 at 19:17
Goals
|
| Staline |
1 |
1 |
3 |
5 |
| Saguenéens |
1 |
0 |
1 |
2 |
|
Shots
|
| Staline |
19 |
9 |
10 |
38 |
| Saguenéens |
17 |
3 |
11 |
31 |
|
1st period
1. Staline , Dave Scatchard 3 (Damien Brunner) at 13:42
2. Saguenéens , Dwight King 20 (Brandon Yip, Henrik Tallinder) at 19:36 (PP)
Penalties :
Jeffrey Foss (Chi) for Hooking (Minor) at 4:12, Theo Peckham (StJ) for Roughing (Minor) at 18:08
2nd period
3. Staline , Devin Setoguchi 37 (Mason Raymond, Andrei Loktionov) at 0:35 (PP)
Penalties :
Trevor Daley (Chi) for Fighting (Major) at 0:03, Greg Zanon (StJ) for Fighting (Major) at 0:03, Evgeny Dadonov (Chi) for Hooking (Minor) at 0:33, Matt Generous (StJ) for Interference (Minor) at 2:41, Zac Rinaldo (StJ) for Holding (Minor) at 5:52, Andreas Johansson (Chi) for Roughing (Minor) at 8:25, Jeffrey Foss (Chi) for Hooking (Minor) at 16:36
3rd period
4. Staline , Brandon Prust 9 (Cam Janssen, Greg Zanon) at 2:08
5. Staline , Dave Scatchard 4 (Damien Brunner) at 2:53
6. Saguenéens , Jarkko Ruutu 16 (Wayne Primeau) at 10:15
7. Staline , Devin Setoguchi 38 (Greg Zanon) at 16:19
Penalties :
Justin Schultz (Chi) for Fighting (Major) at 2:15, Andrei Loktionov (StJ) for Fighting (Major) at 2:15, Tyler Kennedy (Chi) for Goalie Interference (Minor) at 3:06, Andreas Johansson (Chi) for Hooking (Minor) at 18:16, J.T. Wyman (StJ) for Tripping (Minor) at 18:26
Goalie Stats
Tobias Stephan (StJ), 29 saves from 31 shots - (0,935), W, 8-6-2, 60:00 minutes
James Reimer (Chi), 33 saves from 38 shots - (0,868), L, 15-10-5, 60:00 minutes
Players Stats for Staline
Player Name G A P +/- PIM S H SB GA TA FO MP PP MP PK MP
------------------------------------------------------------------------------------
Andrei Loktionov 0 1 1 0 5 1 0 0 1 0 21/33 18:06 3:16 0:15
Brandon Prust 1 0 1 1 0 2 0 0 0 0 0/0 10:18 0:59 1:35
Cam Janssen 0 1 1 1 0 2 1 0 0 0 0/0 9:01 0:25 1:08
Damien Brunner 0 2 2 3 0 3 4 0 0 0 0/1 16:06 3:12 0:00
Dave Scatchard 2 0 2 2 0 3 2 0 0 0 7/13 18:36 3:15 2:12
David Ullstrom 0 0 0 0 0 1 1 0 0 1 0/1 10:08 0:00 0:00
Devin Setoguchi 2 0 2 0 0 5 2 1 0 0 0/1 19:37 4:14 0:00
Greg Zanon 0 2 2 1 5 4 0 2 0 0 0/0 27:15 4:29 2:00
J.T. Wyman 0 0 0 0 2 4 0 0 0 0 0/2 11:55 1:36 0:00
James Sheppard 0 0 0 2 0 2 0 1 0 0 0/0 14:48 3:19 0:05
Josh Gorges 0 0 0 1 0 2 1 1 0 0 0/0 29:01 4:31 2:54
Mason Raymond 0 1 1 -1 0 4 2 0 0 0 1/1 21:18 4:07 2:38
Mathieu Perreault 0 0 0 0 0 1 1 0 0 0 6/10 15:07 0:00 2:56
Matt Generous 0 0 0 1 2 1 0 1 0 0 0/0 14:35 3:39 0:00
Stu Bickel 0 0 0 1 0 2 1 0 0 1 0/0 12:52 0:00 2:18
T.J. Fast 0 0 0 1 0 1 1 2 1 1 0/0 20:36 3:37 2:29
Theo Peckham 0 0 0 1 2 0 0 0 0 1 0/0 16:05 0:00 1:11
Zac Rinaldo 0 0 0 1 2 0 2 0 0 0 0/2 7:31 0:00 0:03
Players Stats for Saguenéens
Player Name G A P +/- PIM S H SB GA TA FO MP PP MP PK MP
------------------------------------------------------------------------------------
Andreas Johansson 0 0 0 -1 4 2 2 2 1 0 0/0 14:00 0:18 2:46
Brandon Yip 0 1 1 -1 0 2 2 0 0 0 1/1 14:55 2:00 0:00
Brian Flynn 0 0 0 -1 0 0 0 0 0 1 2/6 10:38 0:00 0:00
David Laliberté 0 0 0 0 0 1 2 0 0 0 0/0 6:24 0:00 0:00
Dwight King 1 0 1 -1 0 1 1 0 0 0 0/0 13:59 2:00 0:00
Evgeny Dadonov 0 0 0 -1 2 4 3 1 0 0 0/1 19:52 3:26 0:00
Henrik Tallinder 0 1 1 -1 0 1 1 2 0 0 0/0 23:16 2:01 4:07
Ian Cole 0 0 0 -2 0 1 0 2 0 0 0/0 19:52 2:46 0:25
Jarkko Ruutu 1 0 1 0 0 2 3 0 0 0 0/0 10:21 0:00 3:51
Jeffrey Foss 0 0 0 -1 4 0 0 2 0 0 0/0 12:19 0:00 0:38
Joffrey Lupul 0 0 0 -1 0 2 2 0 1 0 1/1 13:54 1:51 0:43
Justin Schultz 0 0 0 0 5 2 1 0 0 0 0/0 23:15 2:40 3:06
Kris Russell 0 0 0 -1 0 0 0 1 0 0 0/0 19:06 1:33 4:01
Kyle Brodziak 0 0 0 -1 0 1 3 0 0 0 14/19 16:09 0:27 3:33
Trevor Daley 0 0 0 -1 5 3 2 2 1 0 0/0 22:10 1:52 3:59
Tyler Kennedy 0 0 0 -1 2 6 4 0 1 0 9/30 19:29 3:08 0:00
Wayne Primeau 0 1 1 0 0 0 1 0 0 0 2/2 10:02 0:00 3:53
Wayne Simmonds 0 0 0 -1 0 3 4 1 0 1 0/4 20:30 3:08 1:30
3 Stars
1 - Dave Scatchard (StJ)
2 - Devin Setoguchi (StJ)
3 - Damien Brunner (StJ)
Power Play
Staline - 1 on 6 Attempt(s) - 16,67%
Saguenéens - 1 on 4 Attempt(s) - 25,00%
Penalty Kill
Staline - 3 on 4 Attempt(s) - 75,00%
- Score 0 goal in Penalty Kill
Saguenéens - 5 on 6 Attempt(s) - 83,33%
- Score 0 goal in Penalty Kill
Official
Referees : Watson Brad and Kimmerly Greg
Linesman : Mark Shewchyk and Brian Mach
Game Notes
Greg Zanon beats up Trevor Daley at 0:03 of 2nd period
Justin Schultz and Andrei Loktionov fight to a draw at 2:15 of 3rd period
Mason Raymond is injured at 15:44 of 3rd period (Broken Right Thumb)
Finance
Level 1 -- Attendance: 1547 (77,35%) -- Ticket Income 61 880 $
Level 2 -- Attendance: 681 (68,10%) -- Ticket Income 13 620 $
Total Attendance: 2228 (74,27%)
Total Ticket Income: 75 500 $
Other Income: 3 775 $
Total Income: 79 275 $
Staline
5 vs 5 Forward
Center Left Wing Right Wing Time % Phy DF OF
1 Andrei Loktionov Mason Raymond Devin Setoguchi 40 0 1 4
2 Dave Scatchard James Sheppard Damien Brunner 30 1 2 2
3 Mathieu Perreault David Ullstrom J.T. Wyman 20 1 3 1
4 Zac Rinaldo Brandon Prust Cam Janssen 10 3 1 1
5 vs 5 Defense
Defense Defense Time % Phy DF OF
1 Greg Zanon Josh Gorges 40 1 2 2
2 T.J. Fast Theo Peckham 30 1 2 2
3 Matt Generous Stu Bickel 20 1 2 2
4 Greg Zanon Josh Gorges 10 1 2 2
PowerPlay Forward
Center Left Wing Right Wing Time % Phy DF OF
1 Andrei Loktionov Mason Raymond Devin Setoguchi 60 1 2 2
2 Dave Scatchard James Sheppard Damien Brunner 40 1 2 2
PowerPlay Defense
Defense Defense Time % Phy DF OF
1 Greg Zanon Josh Gorges 60 1 2 2
2 T.J. Fast Matt Generous 40 1 2 2
Penalty Kill 4 Players Forward
Center Wing Time % Phy DF OF
1 Mathieu Perreault Mason Raymond 60 1 2 2
2 Dave Scatchard Cam Janssen 40 1 2 2
Penalty Kill 4 Players Defense
Defense Defense Time % Phy DF OF
1 Greg Zanon Josh Gorges 60 1 2 2
2 T.J. Fast Stu Bickel 40 1 2 2
Penalty Kill - 3 Players Forward
Forward Time % Phy DF OF
1 Mathieu Perreault 60 1 2 2
2 Dave Scatchard 40 1 2 2
Penalty Kill - 3 Players Defense
Defense Defense Time % Phy DF OF
1 Greg Zanon Josh Gorges 60 1 2 2
2 T.J. Fast Stu Bickel 40 1 2 2
4 vs 4 Forward
Center Wing Time % Phy DF OF
1 Dave Scatchard Mason Raymond 60 1 2 2
2 Mathieu Perreault Devin Setoguchi 40 1 2 2
4 vs 4 Defense
Defense Defense Time % Phy DF OF
1 Greg Zanon Josh Gorges 60 1 2 2
2 T.J. Fast Matt Generous 40 1 2 2
Last Minutes Offensive
Center Left Wing Right Wing Defense Defense
Andrei Loktionov Mason Raymond Devin Setoguchi Greg Zanon Josh Gorges
Last Minutes Defensive
Center Left Wing Right Wing Defense Defense
Dave Scatchard Mason Raymond Devin Setoguchi Greg Zanon Josh Gorges
Goaltenders
Starting : Tobias Stephan
Backup : Erik Ersberg
Extra Forwards
Normal : Mathieu Perreault, Mason Raymond, Damien Brunner - PP : J.T. Wyman, Brandon Prust - PK : Mathieu Perreault
Extra Defensemen
Normal : Matt Generous, Theo Peckham, Stu Bickel - PP : Matt Generous - PK : Theo Peckham, Matt Generous
Penalty Shots
Andrei Loktionov, Mason Raymond, Devin Setoguchi, Damien Brunner, J.T. Wyman
Saguenéens
5 vs 5 Forward
Center Left Wing Right Wing Time % Phy DF OF
1 Tyler Kennedy Evgeny Dadonov Wayne Simmonds 40 2 1 2
2 Kyle Brodziak Dwight King Brandon Yip 30 1 1 3
3 Brian Flynn Andreas Johansson Joffrey Lupul 20 1 1 3
4 Wayne Primeau Jarkko Ruutu David Laliberté 10 1 2 2
5 vs 5 Defense
Defense Defense Time % Phy DF OF
1 Justin Schultz Henrik Tallinder 34 1 2 2
2 Ian Cole Trevor Daley 34 1 2 2
3 Jeffrey Foss Kris Russell 22 1 2 2
4 Justin Schultz Trevor Daley 10 0 2 3
PowerPlay Forward
Center Left Wing Right Wing Time % Phy DF OF
1 Tyler Kennedy Evgeny Dadonov Wayne Simmonds 60 0 1 4
2 Joffrey Lupul Dwight King Brandon Yip 40 0 1 4
PowerPlay Defense
Defense Defense Time % Phy DF OF
1 Justin Schultz Henrik Tallinder 60 0 2 3
2 Ian Cole Trevor Daley 40 0 2 3
Penalty Kill 4 Players Forward
Center Wing Time % Phy DF OF
1 Kyle Brodziak Jarkko Ruutu 50 1 3 1
2 Wayne Primeau Andreas Johansson 50 1 3 1
Penalty Kill 4 Players Defense
Defense Defense Time % Phy DF OF
1 Justin Schultz Henrik Tallinder 50 1 3 1
2 Kris Russell Trevor Daley 50 1 3 1
Penalty Kill - 3 Players Forward
Forward Time % Phy DF OF
1 Jarkko Ruutu 50 1 3 1
2 Wayne Primeau 50 1 3 1
Penalty Kill - 3 Players Defense
Defense Defense Time % Phy DF OF
1 Justin Schultz Henrik Tallinder 50 1 3 1
2 Kris Russell Trevor Daley 50 1 3 1
4 vs 4 Forward
Center Wing Time % Phy DF OF
1 Andreas Johansson Brandon Yip 50 1 1 3
2 Tyler Kennedy Evgeny Dadonov 50 1 2 2
4 vs 4 Defense
Defense Defense Time % Phy DF OF
1 Justin Schultz Henrik Tallinder 50 1 2 2
2 Ian Cole Trevor Daley 50 1 2 2
Last Minutes Offensive
Center Left Wing Right Wing Defense Defense
Tyler Kennedy Evgeny Dadonov Brandon Yip Henrik Tallinder Trevor Daley
Last Minutes Defensive
Center Left Wing Right Wing Defense Defense
Wayne Primeau Jarkko Ruutu Wayne Simmonds Trevor Daley Kris Russell
Goaltenders
Starting : James Reimer
Backup : Harru Sateri
Extra Forwards
Normal : Andreas Johansson, Joffrey Lupul, Jarkko Ruutu - PP : Kyle Brodziak, Andreas Johansson - PK : Wayne Simmonds
Extra Defensemen
Normal : Kris Russell, Jeffrey Foss, Trevor Daley - PP : Kris Russell - PK : Jeffrey Foss, Ian Cole
Penalty Shots
Joffrey Lupul, Tyler Kennedy, Andreas Johansson, Jarkko Ruutu, Brandon Yip
% Time on Ice - Staline
Lines # - Real PCT - Wanted PCT - Time Play
Normal Forward
1 - 35% - 40% - 15:54
2 - 27% - 30% - 11:54
3 - 23% - 20% - 10:08
4 - 15% - 10% - 6:57
Normal Defense
1 - 43% - 40% - 19:24
2 - 33% - 30% - 14:55
3 - 19% - 20% - 8:39
4 - 4% - 10% - 1:55
PP Forward
1 - 60% - 60% - 4:53
2 - 40% - 40% - 3:15
PP Defense
1 - 56% - 60% - 4:31
2 - 44% - 40% - 3:37
PK Forward
1 - 79% - 60% - 4:18
2 - 21% - 40% - 1:08
PK Defense
1 - 59% - 60% - 3:12
2 - 41% - 40% - 2:14
PK3 Forward
1 - 0% - 60%
2 - 0% - 40%
PK3 Defense
1 - 0% - 60%
2 - 0% - 40%
44 Forward
1 - 100% - 60% - 1:33
2 - 0% - 40% - 0:00
44 Defense
1 - 73% - 60% - 1:08
2 - 27% - 40% - 0:25
Last Minute Offensive - 0:00
Last Minute Defensive - 0:00
Total
Forward - 60:00
Defense - 60:00
|
% Time on Ice - Saguenéens
Lines # - Real PCT - Wanted PCT - Time Play
Normal Forward
1 - 35% - 40% - 15:56
2 - 27% - 30% - 12:10
3 - 24% - 20% - 10:38
4 - 14% - 10% - 6:09
Normal Defense
1 - 36% - 34% - 16:13
2 - 34% - 34% - 15:04
3 - 22% - 22% - 9:42
4 - 9% - 10% - 3:54
PP Forward
1 - 63% - 60% - 3:26
2 - 37% - 40% - 2:00
PP Defense
1 - 49% - 60% - 2:40
2 - 51% - 40% - 2:46
PK Forward
1 - 46% - 50% - 3:45
2 - 54% - 50% - 4:23
PK Defense
1 - 51% - 50% - 4:07
2 - 49% - 50% - 4:01
PK3 Forward
1 - 0% - 50%
2 - 0% - 50%
PK3 Defense
1 - 0% - 50%
2 - 0% - 50%
44 Forward
1 - 60% - 50% - 0:56
2 - 40% - 50% - 0:37
44 Defense
1 - 52% - 50% - 0:48
2 - 48% - 50% - 0:45
Last Minute Offensive - 0:00
Last Minute Defensive - 0:00
Total
Forward - 60:00
Defense - 60:00
|
Play by Play
1st period
0:01 of 1st period - Andrei Loktionov wins face-off versus Tyler Kennedy in neutral zone.
0:14 of 1st period - Snap shot by Evgeny Dadonov.
0:14 of 1st period - Stopped by Tobias Stephan with a rebound.
0:16 of 1st period - Slapshot by Tyler Kennedy.
0:16 of 1st period - Stopped by Tobias Stephan with a rebound.
1:13 of 1st period - Snap shot by Wayne Primeau.
1:13 of 1st period - Shot Blocked by Matt Generous.
1:15 of 1st period - Wrist shot by David Laliberté.
1:15 of 1st period - Stopped by Tobias Stephan with a rebound.
1:33 of 1st period - Slapshot by Devin Setoguchi.
1:33 of 1st period - Shot Misses the Net.
1:42 of 1st period - Icing by Jeffrey Foss.
1:43 of 1st period - Kyle Brodziak wins face-off versus Dave Scatchard in Saguenéens zone.
1:54 of 1st period - Slapshot by James Sheppard.
1:54 of 1st period - Deflect By Kyle Brodziak.
1:54 of 1st period - Stopped by James Reimer with a rebound.
1:56 of 1st period - Wrist shot by Theo Peckham.
1:56 of 1st period - Shot Blocked by Jeffrey Foss.
1:58 of 1st period - Slapshot by Theo Peckham.
1:58 of 1st period - Deflect By James Sheppard.
1:58 of 1st period - Stopped by James Reimer without a rebound.
1:59 of 1st period - Andrei Loktionov wins face-off versus Brian Flynn in Saguenéens zone.
2:06 of 1st period - Snap shot by Devin Setoguchi.
2:06 of 1st period - Shot Misses the Net.
2:10 of 1st period - Wrist shot by Devin Setoguchi.
2:10 of 1st period - Stopped by James Reimer with a rebound.
2:12 of 1st period - Wrist shot by Andrei Loktionov.
2:12 of 1st period - Shot Misses the Net.
2:14 of 1st period - Backhand shot by Mason Raymond.
2:14 of 1st period - Shot Blocked by Andreas Johansson.
2:46 of 1st period - Wrist shot by Joffrey Lupul.
2:46 of 1st period - Shot Blocked by T.J. Fast.
2:48 of 1st period - Wrist shot by Joffrey Lupul.
2:48 of 1st period - Stopped by Tobias Stephan without a rebound.
2:49 of 1st period - Andrei Loktionov wins face-off versus Tyler Kennedy in Staline zone.
2:49 of 1st period - Andrei Loktionov is hit by Evgeny Dadonov.
3:01 of 1st period - Wrist shot by Tyler Kennedy.
3:01 of 1st period - Stopped by Tobias Stephan with a rebound.
3:23 of 1st period - Greg Zanon is hit by Kyle Brodziak and loses puck.
4:00 of 1st period - Snap shot by Cam Janssen.
4:00 of 1st period - Shot Blocked by Wayne Simmonds.
4:02 of 1st period - Slapshot by Josh Gorges.
4:02 of 1st period - Shot Blocked by Kris Russell.
4:04 of 1st period - Snap shot by Brandon Prust.
4:04 of 1st period - Shot Misses the Net.
4:06 of 1st period - Snap shot by Josh Gorges.
4:06 of 1st period - Shot Blocked by Jeffrey Foss.
4:12 of 1st period - Minor Penalty to Jeffrey Foss for Hooking.
4:13 of 1st period - Andrei Loktionov wins face-off versus Kyle Brodziak in Saguenéens zone.
4:46 of 1st period - Wrist shot by Damien Brunner.
4:46 of 1st period - Shot Misses the Net.
6:12 of 1st period - Penalty to Jeffrey Foss is over, Jeffrey Foss is back on ice.
6:19 of 1st period - Josh Gorges is hit by Evgeny Dadonov and loses puck.
6:32 of 1st period - Stu Bickel is hit by Kyle Brodziak and loses puck.
6:40 of 1st period - Off-side.
6:41 of 1st period - Brian Flynn wins face-off versus Zac Rinaldo in neutral zone.
6:48 of 1st period - Snap shot by Brandon Prust.
6:48 of 1st period - Stopped by James Reimer with a rebound.
6:50 of 1st period - Slapshot by Matt Generous.
6:50 of 1st period - Shot Blocked by Andreas Johansson.
7:47 of 1st period - Snap shot by Cam Janssen.
7:47 of 1st period - Stopped by James Reimer with a rebound.
7:59 of 1st period - Kris Russell is hit by Mathieu Perreault.
8:52 of 1st period - Snap shot by Jarkko Ruutu.
8:52 of 1st period - Stopped by Tobias Stephan without a rebound.
8:53 of 1st period - Dave Scatchard wins face-off versus Tyler Kennedy in Staline zone.
9:00 of 1st period - Snap shot by Damien Brunner.
9:00 of 1st period - Shot Misses the Net.
9:18 of 1st period - Andrei Loktionov is hit by Brandon Yip and loses puck.
9:27 of 1st period - Slapshot by Kyle Brodziak.
9:27 of 1st period - Shot Blocked by Devin Setoguchi.
9:47 of 1st period - T.J. Fast is hit by Joffrey Lupul and loses puck.
10:24 of 1st period - Wayne Simmonds is hit by Dave Scatchard and loses puck.
11:21 of 1st period - Snap shot by J.T. Wyman.
11:21 of 1st period - Stopped by James Reimer with a rebound.
11:23 of 1st period - Slapshot by Matt Generous.
11:23 of 1st period - Shot Misses the Net.
11:25 of 1st period - Slapshot by Stu Bickel.
11:25 of 1st period - Shot Blocked by Ian Cole.
11:27 of 1st period - Snap shot by Mathieu Perreault.
11:27 of 1st period - Stopped by James Reimer with a rebound.
11:29 of 1st period - Slapshot by Matt Generous.
11:29 of 1st period - Stopped by James Reimer with a rebound.
11:31 of 1st period - Snap shot by David Ullstrom.
11:31 of 1st period - Shot Blocked by Trevor Daley.
11:33 of 1st period - Snap shot by Stu Bickel.
11:33 of 1st period - Stopped by James Reimer without a rebound.
11:34 of 1st period - Brandon Yip wins face-off versus Andrei Loktionov in Saguenéens zone.
11:45 of 1st period - Snap shot by Kyle Brodziak.
11:45 of 1st period - Stopped by Tobias Stephan with a rebound.
12:20 of 1st period - Off-side.
12:21 of 1st period - Brian Flynn wins face-off versus Zac Rinaldo in neutral zone.
12:32 of 1st period - Slapshot by Josh Gorges.
12:32 of 1st period - Deflect By Brandon Prust.
12:32 of 1st period - Shot Misses the Net.
12:32 of 1st period - Puck is out of play.
12:33 of 1st period - Tyler Kennedy wins face-off versus Andrei Loktionov in Saguenéens zone.
12:46 of 1st period - Snap shot by Tyler Kennedy.
12:46 of 1st period - Stopped by Tobias Stephan without a rebound.
12:47 of 1st period - Andrei Loktionov wins face-off versus Kyle Brodziak in Staline zone.
12:59 of 1st period - Slapshot by Devin Setoguchi.
12:59 of 1st period - Stopped by James Reimer without a rebound.
13:00 of 1st period - Tyler Kennedy wins face-off versus Andrei Loktionov in Saguenéens zone.
13:11 of 1st period - Wrist shot by Tyler Kennedy.
13:11 of 1st period - Stopped by Tobias Stephan with a rebound.
13:13 of 1st period - Snap shot by Evgeny Dadonov.
13:13 of 1st period - Shot Hit the Post.
13:15 of 1st period - Wrist shot by Wayne Simmonds.
13:15 of 1st period - Shot Misses the Net.
13:32 of 1st period - Snap shot by Dave Scatchard.
13:32 of 1st period - Stopped by James Reimer without a rebound.
13:33 of 1st period - Dave Scatchard wins face-off versus Tyler Kennedy in Saguenéens zone.
13:42 of 1st period - Snap shot by Dave Scatchard.
13:42 of 1st period - Goal by Dave Scatchard - Staline : 1 - Saguenéens : 0.
13:43 of 1st period - Tyler Kennedy wins face-off versus Andrei Loktionov in neutral zone.
14:12 of 1st period - Slapshot by Kyle Brodziak.
14:12 of 1st period - Shot Misses the Net.
14:14 of 1st period - Slapshot by Trevor Daley.
14:14 of 1st period - Stopped by Tobias Stephan without a rebound.
14:15 of 1st period - Kyle Brodziak wins face-off versus Dave Scatchard in Staline zone.
14:16 of 1st period - Wrist shot by Brandon Yip.
14:16 of 1st period - Shot Misses the Net.
15:08 of 1st period - Slapshot by Greg Zanon.
15:08 of 1st period - Stopped by James Reimer with a rebound.
15:10 of 1st period - Wrist shot by J.T. Wyman.
15:10 of 1st period - Deflect By Henrik Tallinder.
15:10 of 1st period - Stopped by James Reimer without a rebound.
15:11 of 1st period - Andrei Loktionov wins face-off versus Brian Flynn in Saguenéens zone.
15:14 of 1st period - Snap shot by Andrei Loktionov.
15:14 of 1st period - Shot Misses the Net.
16:07 of 1st period - Slapshot by Cam Janssen.
16:07 of 1st period - Shot Misses the Net.
16:19 of 1st period - Snap shot by J.T. Wyman.
16:19 of 1st period - Stopped by James Reimer without a rebound.
16:20 of 1st period - Wayne Primeau wins face-off versus David Ullstrom in Saguenéens zone.
16:45 of 1st period - Backhand shot by Greg Zanon.
16:45 of 1st period - Deflect By Jarkko Ruutu.
16:45 of 1st period - Stopped by James Reimer with a rebound.
16:47 of 1st period - Slapshot by Greg Zanon.
16:47 of 1st period - Stopped by James Reimer with a rebound.
16:49 of 1st period - Slapshot by David Ullstrom.
16:49 of 1st period - Stopped by James Reimer without a rebound.
16:50 of 1st period - Andrei Loktionov wins face-off versus Wayne Simmonds in Saguenéens zone.
17:48 of 1st period - T.J. Fast is hit by Jarkko Ruutu and loses puck.
18:06 of 1st period - Slapshot by Trevor Daley.
18:06 of 1st period - Shot Hit the Post.
18:08 of 1st period - Minor Penalty to Theo Peckham for Roughing.
18:09 of 1st period - Tyler Kennedy wins face-off versus Mathieu Perreault in Staline zone.
18:12 of 1st period - Wrist shot by Tyler Kennedy.
18:12 of 1st period - Stopped by Tobias Stephan without a rebound.
18:13 of 1st period - Mathieu Perreault wins face-off versus Tyler Kennedy in Staline zone.
18:24 of 1st period - Greg Zanon is hit by Tyler Kennedy and loses puck.
18:37 of 1st period - Snap shot by Evgeny Dadonov.
18:37 of 1st period - Stopped by Tobias Stephan with a rebound.
18:39 of 1st period - Slapshot by Ian Cole.
18:39 of 1st period - Stopped by Tobias Stephan with a rebound.
18:41 of 1st period - Snap shot by Evgeny Dadonov.
18:41 of 1st period - Stopped by Tobias Stephan with a rebound.
18:43 of 1st period - Snap shot by Wayne Simmonds.
18:43 of 1st period - Stopped by Tobias Stephan with a rebound.
18:45 of 1st period - Wrist shot by Wayne Simmonds.
18:45 of 1st period - Shot Misses the Net.
18:47 of 1st period - Snap shot by Trevor Daley.
18:47 of 1st period - Stopped by Tobias Stephan with a rebound.
18:49 of 1st period - Slapshot by Wayne Simmonds.
18:49 of 1st period - Shot Misses the Net.
19:36 of 1st period - Wrist shot by Brandon Yip.
19:36 of 1st period - Deflect By Dwight King.
19:36 of 1st period - Goal by Dwight King - Staline : 1 - Saguenéens : 1.
19:37 of 1st period - Kyle Brodziak wins face-off versus Andrei Loktionov in neutral zone.
19:46 of 1st period - Slapshot by Kyle Brodziak.
19:46 of 1st period - Deflect By Josh Gorges.
19:46 of 1st period - Shot Misses the Net.
19:46 of 1st period - Puck is out of play.
19:47 of 1st period - Kyle Brodziak wins face-off versus Andrei Loktionov in Staline zone.
19:58 of 1st period - Slapshot by Josh Gorges.
19:58 of 1st period - Stopped by James Reimer without a rebound.
19:59 of 1st period - Kyle Brodziak wins face-off versus Andrei Loktionov in Saguenéens zone.
Goals for this period are 1 for Staline vs 1 for Saguenéens.
Shots for this period are 19 for Staline vs 17 for Saguenéens.
2nd period
0:01 of 2nd period - Tyler Kennedy wins face-off versus Devin Setoguchi in neutral zone.
0:03 of 2nd period - Greg Zanon beats up Trevor Daley.
0:03 of 2nd period - Penalty to Trevor Daley for Fighting.
0:03 of 2nd period - Penalty to Greg Zanon for Fighting.
0:04 of 2nd period - Andrei Loktionov wins face-off versus Tyler Kennedy in Staline zone.
0:04 of 2nd period - Andrei Loktionov is hit by Justin Schultz.
0:33 of 2nd period - Minor Penalty to Evgeny Dadonov for Hooking.
0:34 of 2nd period - Andrei Loktionov wins face-off versus Kyle Brodziak in Saguenéens zone.
0:35 of 2nd period - Snap shot by Mason Raymond.
0:35 of 2nd period - Deflect By Devin Setoguchi.
0:35 of 2nd period - Goal by Devin Setoguchi - Staline : 2 - Saguenéens : 1.
0:36 of 2nd period - Andrei Loktionov wins face-off versus Tyler Kennedy in neutral zone.
0:47 of 2nd period - Icing by Theo Peckham.
0:48 of 2nd period - Andrei Loktionov wins face-off versus Tyler Kennedy in Staline zone.
1:10 of 2nd period - Icing by T.J. Fast.
1:11 of 2nd period - Kyle Brodziak wins face-off versus Dave Scatchard in Staline zone.
1:36 of 2nd period - Devin Setoguchi is hit by Tyler Kennedy and loses puck.
2:19 of 2nd period - Jarkko Ruutu is hit by Cam Janssen and loses puck.
2:26 of 2nd period - Wrist shot by Cam Janssen.
2:26 of 2nd period - Deflect By Jarkko Ruutu.
2:26 of 2nd period - Stopped by James Reimer without a rebound.
2:27 of 2nd period - Andrei Loktionov wins face-off versus Tyler Kennedy in Saguenéens zone.
2:41 of 2nd period - Minor Penalty to Matt Generous for Interference.
2:42 of 2nd period - Mason Raymond wins face-off versus Tyler Kennedy in Staline zone.
2:42 of 2nd period - Mason Raymond is hit by Evgeny Dadonov.
3:07 of 2nd period - Henrik Tallinder is hit by Josh Gorges and loses puck.
3:16 of 2nd period - Snap shot by Henrik Tallinder.
3:16 of 2nd period - Stopped by Tobias Stephan with a rebound.
3:40 of 2nd period - Stu Bickel is hit by Wayne Simmonds and loses puck.
4:41 of 2nd period - Penalty to Matt Generous is over, Matt Generous is back on ice.
4:56 of 2nd period - Matt Generous is hit by David Laliberté and loses puck.
5:38 of 2nd period - Andreas Johansson is hit by Damien Brunner and loses puck.
5:52 of 2nd period - Minor Penalty to Zac Rinaldo for Holding.
5:53 of 2nd period - Tyler Kennedy wins face-off versus Mathieu Perreault in Staline zone.
6:27 of 2nd period - Slapshot by Henrik Tallinder.
6:27 of 2nd period - Shot Hit the Post.
7:52 of 2nd period - Penalty to Zac Rinaldo is over, Zac Rinaldo is back on ice.
8:08 of 2nd period - Slapshot by T.J. Fast.
8:08 of 2nd period - Stopped by James Reimer with a rebound.
8:10 of 2nd period - Slapshot by T.J. Fast.
8:10 of 2nd period - Shot Misses the Net.
8:16 of 2nd period - Snap shot by Cam Janssen.
8:16 of 2nd period - Shot Misses the Net.
8:18 of 2nd period - Slapshot by Stu Bickel.
8:18 of 2nd period - Stopped by James Reimer without a rebound.
8:19 of 2nd period - Dave Scatchard wins face-off versus Brian Flynn in Saguenéens zone.
8:25 of 2nd period - Minor Penalty to Andreas Johansson for Roughing.
8:26 of 2nd period - Kyle Brodziak wins face-off versus Andrei Loktionov in Saguenéens zone.
8:56 of 2nd period - Backhand shot by Josh Gorges.
8:56 of 2nd period - Stopped by James Reimer with a rebound.
10:00 of 2nd period - Damien Brunner is hit by Henrik Tallinder and loses puck.
10:25 of 2nd period - Penalty to Andreas Johansson is over, Andreas Johansson is back on ice.
10:44 of 2nd period - Kris Russell is hit by David Ullstrom.
12:00 of 2nd period - Icing by Dave Scatchard.
12:01 of 2nd period - Dave Scatchard wins face-off versus Tyler Kennedy in Staline zone.
12:08 of 2nd period - Snap shot by Mason Raymond.
12:08 of 2nd period - Stopped by James Reimer with a rebound.
12:10 of 2nd period - Wrist shot by Mason Raymond.
12:10 of 2nd period - Deflect By Devin Setoguchi.
12:10 of 2nd period - Shot Misses the Net.
12:10 of 2nd period - Puck is out of play.
12:11 of 2nd period - Andrei Loktionov wins face-off versus Kyle Brodziak in Saguenéens zone.
12:36 of 2nd period - Snap shot by Andreas Johansson.
12:36 of 2nd period - Stopped by Tobias Stephan without a rebound.
12:37 of 2nd period - Dave Scatchard wins face-off versus Brian Flynn in Staline zone.
12:37 of 2nd period - Dave Scatchard is hit by Andreas Johansson.
13:29 of 2nd period - Snap shot by Devin Setoguchi.
13:29 of 2nd period - Shot Blocked by Evgeny Dadonov.
13:31 of 2nd period - Wrist shot by Andrei Loktionov.
13:31 of 2nd period - Stopped by James Reimer without a rebound.
13:32 of 2nd period - Andrei Loktionov wins face-off versus Tyler Kennedy in Saguenéens zone.
13:38 of 2nd period - Off-side.
13:39 of 2nd period - Andrei Loktionov wins face-off versus Evgeny Dadonov in neutral zone.
13:42 of 2nd period - Henrik Tallinder is hit by Mason Raymond and loses puck.
14:05 of 2nd period - Kyle Brodziak is hit by Damien Brunner and loses puck.
14:12 of 2nd period - Snap shot by Damien Brunner.
14:12 of 2nd period - Stopped by James Reimer with a rebound.
14:28 of 2nd period - Slapshot by Joffrey Lupul.
14:28 of 2nd period - Shot Blocked by Josh Gorges.
15:00 of 2nd period - Greg Zanon is hit by Jarkko Ruutu and loses puck.
15:21 of 2nd period - Andrei Loktionov is hit by Tyler Kennedy and loses puck.
15:39 of 2nd period - Off-side.
15:40 of 2nd period - Kyle Brodziak wins face-off versus Dave Scatchard in neutral zone.
15:47 of 2nd period - Slapshot by Brandon Yip.
15:47 of 2nd period - Stopped by Tobias Stephan without a rebound.
15:48 of 2nd period - Dave Scatchard wins face-off versus Kyle Brodziak in Staline zone.
15:48 of 2nd period - Dave Scatchard is hit by Kyle Brodziak.
15:58 of 2nd period - Wrist shot by Damien Brunner.
15:58 of 2nd period - Stopped by James Reimer with a rebound.
16:00 of 2nd period - Snap shot by James Sheppard.
16:00 of 2nd period - Shot Misses the Net.
16:27 of 2nd period - Wrist shot by Kyle Brodziak.
16:27 of 2nd period - Shot Misses the Net.
16:36 of 2nd period - Minor Penalty to Jeffrey Foss for Hooking.
16:37 of 2nd period - Wayne Primeau wins face-off versus Andrei Loktionov in Saguenéens zone.
18:36 of 2nd period - Penalty to Jeffrey Foss is over, Jeffrey Foss is back on ice.
18:44 of 2nd period - T.J. Fast is hit by Tyler Kennedy and loses puck.
18:57 of 2nd period - Dwight King is hit by T.J. Fast and loses puck.
19:40 of 2nd period - James Sheppard is hit by Wayne Primeau.
19:55 of 2nd period - James Sheppard is hit by Andreas Johansson and loses puck.
Goals for this period are 1 for Staline vs 0 for Saguenéens.
Shots for this period are 9 for Staline vs 3 for Saguenéens.
3rd period
0:01 of 3rd period - Tyler Kennedy wins face-off versus Andrei Loktionov in neutral zone.
0:14 of 3rd period - Snap shot by Evgeny Dadonov.
0:14 of 3rd period - Stopped by Tobias Stephan with a rebound.
0:55 of 3rd period - Snap shot by J.T. Wyman.
0:55 of 3rd period - Stopped by James Reimer without a rebound.
0:56 of 3rd period - Andrei Loktionov wins face-off versus Tyler Kennedy in Saguenéens zone.
0:57 of 3rd period - Wrist shot by Mason Raymond.
0:57 of 3rd period - Stopped by James Reimer without a rebound.
0:58 of 3rd period - Andrei Loktionov wins face-off versus Tyler Kennedy in Saguenéens zone.
1:01 of 3rd period - Snap shot by Devin Setoguchi.
1:01 of 3rd period - Stopped by James Reimer with a rebound.
1:03 of 3rd period - Snap shot by Mason Raymond.
1:03 of 3rd period - Stopped by James Reimer with a rebound.
1:52 of 3rd period - Slapshot by Joffrey Lupul.
1:52 of 3rd period - Shot Hit the Post.
2:08 of 3rd period - Wrist shot by Cam Janssen.
2:08 of 3rd period - Deflect By Brandon Prust.
2:08 of 3rd period - Goal by Brandon Prust - Staline : 3 - Saguenéens : 1.
2:09 of 3rd period - Andrei Loktionov wins face-off versus Tyler Kennedy in neutral zone.
2:15 of 3rd period - Justin Schultz and Andrei Loktionov fight to a draw.
2:15 of 3rd period - Penalty to Justin Schultz for Fighting.
2:15 of 3rd period - Penalty to Andrei Loktionov for Fighting.
2:16 of 3rd period - Mathieu Perreault wins face-off versus Wayne Simmonds in Saguenéens zone.
2:19 of 3rd period - Wrist shot by Devin Setoguchi.
2:19 of 3rd period - Deflect By Mason Raymond.
2:19 of 3rd period - Shot Misses the Net.
2:19 of 3rd period - Puck is out of play.
2:20 of 3rd period - Mathieu Perreault wins face-off versus Wayne Simmonds in Saguenéens zone.
2:25 of 3rd period - Slapshot by Mason Raymond.
2:25 of 3rd period - Stopped by James Reimer without a rebound.
2:26 of 3rd period - Mathieu Perreault wins face-off versus Tyler Kennedy in Saguenéens zone.
2:39 of 3rd period - Wrist shot by Tyler Kennedy.
2:39 of 3rd period - Shot Blocked by Greg Zanon.
2:45 of 3rd period - Slapshot by Greg Zanon.
2:45 of 3rd period - Deflect By Henrik Tallinder.
2:45 of 3rd period - Stopped by James Reimer without a rebound.
2:46 of 3rd period - Kyle Brodziak wins face-off versus Damien Brunner in Saguenéens zone.
2:53 of 3rd period - Snap shot by Dave Scatchard.
2:53 of 3rd period - Goal by Dave Scatchard - Staline : 4 - Saguenéens : 1.
2:54 of 3rd period - Mathieu Perreault wins face-off versus Wayne Simmonds in neutral zone.
3:05 of 3rd period - Slapshot by Tyler Kennedy.
3:05 of 3rd period - Stopped by Tobias Stephan without a rebound.
3:06 of 3rd period - Tyler Kennedy wins face-off versus Mathieu Perreault in Staline zone.
3:06 of 3rd period - Minor Penalty to Tyler Kennedy for Goalie Interference.
3:07 of 3rd period - Kyle Brodziak wins face-off versus J.T. Wyman in Saguenéens zone.
3:07 of 3rd period - Kyle Brodziak is hit by Devin Setoguchi.
5:06 of 3rd period - Penalty to Tyler Kennedy is over, Tyler Kennedy is back on ice.
5:23 of 3rd period - Snap shot by Evgeny Dadonov.
5:23 of 3rd period - Shot Misses the Net.
5:46 of 3rd period - Matt Generous is hit by Joffrey Lupul and loses puck.
6:12 of 3rd period - Henrik Tallinder is hit by Damien Brunner and loses puck.
6:42 of 3rd period - Josh Gorges is hit by Trevor Daley and loses puck.
6:49 of 3rd period - Slapshot by Greg Zanon.
6:49 of 3rd period - Shot Blocked by Trevor Daley.
8:09 of 3rd period - Wayne Simmonds is hit by Stu Bickel and loses puck.
8:25 of 3rd period - Greg Zanon is hit by Brandon Yip and loses puck.
8:54 of 3rd period - Josh Gorges is hit by David Laliberté and loses puck.
9:01 of 3rd period - Theo Peckham is hit by Jarkko Ruutu and loses puck.
9:17 of 3rd period - Stu Bickel is hit by Wayne Simmonds and loses puck.
9:33 of 3rd period - Damien Brunner is hit by Dwight King and loses puck.
9:55 of 3rd period - Andreas Johansson is hit by Zac Rinaldo.
10:15 of 3rd period - Snap shot by Jarkko Ruutu.
10:15 of 3rd period - Goal by Jarkko Ruutu - Staline : 4 - Saguenéens : 2.
10:16 of 3rd period - Andrei Loktionov wins face-off versus Tyler Kennedy in neutral zone.
10:16 of 3rd period - Greg Zanon is hit by Wayne Simmonds and loses puck.
10:23 of 3rd period - Slapshot by Justin Schultz.
10:23 of 3rd period - Shot Misses the Net.
10:25 of 3rd period - Snap shot by Wayne Simmonds.
10:25 of 3rd period - Stopped by Tobias Stephan with a rebound.
10:27 of 3rd period - Snap shot by Evgeny Dadonov.
10:27 of 3rd period - Shot Misses the Net.
10:29 of 3rd period - Backhand shot by Wayne Simmonds.
10:29 of 3rd period - Stopped by Tobias Stephan with a rebound.
10:48 of 3rd period - Snap shot by Trevor Daley.
10:48 of 3rd period - Deflect By Andreas Johansson.
10:48 of 3rd period - Stopped by Tobias Stephan with a rebound.
11:04 of 3rd period - Jeffrey Foss is hit by Dave Scatchard and loses puck.
12:06 of 3rd period - Wrist shot by Brian Flynn.
12:06 of 3rd period - Deflect By Joffrey Lupul.
12:06 of 3rd period - Shot Blocked by James Sheppard.
12:06 of 3rd period - Puck is out of play.
12:07 of 3rd period - Kyle Brodziak wins face-off versus Mathieu Perreault in Staline zone.
12:10 of 3rd period - Slapshot by Kyle Brodziak.
12:10 of 3rd period - Shot Misses the Net.
12:32 of 3rd period - Henrik Tallinder is hit by Mason Raymond and loses puck.
13:01 of 3rd period - Wayne Simmonds is hit by Zac Rinaldo and loses puck.
13:20 of 3rd period - Wrist shot by Dave Scatchard.
13:20 of 3rd period - Shot Blocked by Henrik Tallinder.
13:22 of 3rd period - Snap shot by Stu Bickel.
13:22 of 3rd period - Shot Blocked by Henrik Tallinder.
13:24 of 3rd period - Wrist shot by Damien Brunner.
13:24 of 3rd period - Stopped by James Reimer without a rebound.
13:25 of 3rd period - Kyle Brodziak wins face-off versus Andrei Loktionov in Saguenéens zone.
13:34 of 3rd period - Dwight King is hit by Devin Setoguchi and loses puck.
13:51 of 3rd period - Wrist shot by J.T. Wyman.
13:51 of 3rd period - Shot Misses the Net.
14:37 of 3rd period - Wrist shot by Wayne Simmonds.
14:37 of 3rd period - Shot Misses the Net.
14:39 of 3rd period - Snap shot by Evgeny Dadonov.
14:39 of 3rd period - Shot Blocked by Greg Zanon.
15:27 of 3rd period - Wrist shot by Joffrey Lupul.
15:27 of 3rd period - Deflect By Brian Flynn.
15:27 of 3rd period - Shot Blocked by T.J. Fast.
15:27 of 3rd period - Puck is out of play.
15:28 of 3rd period - Andrei Loktionov wins face-off versus Tyler Kennedy in Staline zone.
15:43 of 3rd period - Mason Raymond is hit by Trevor Daley and loses puck.
15:44 of 3rd period - Mason Raymond from Staline is injured at 15:44 of 3rd period (Broken Right Thumb).
15:45 of 3rd period - Mathieu Perreault wins face-off versus Tyler Kennedy in Staline zone.
15:45 of 3rd period - Mathieu Perreault is hit by Wayne Simmonds.
16:15 of 3rd period - Slapshot by Greg Zanon.
16:15 of 3rd period - Shot Misses the Net.
16:17 of 3rd period - Snap shot by Devin Setoguchi.
16:17 of 3rd period - Shot Blocked by Ian Cole.
16:19 of 3rd period - Snap shot by Devin Setoguchi.
16:19 of 3rd period - Goal by Devin Setoguchi - Staline : 5 - Saguenéens : 2.
16:20 of 3rd period - Andrei Loktionov wins face-off versus Tyler Kennedy in neutral zone.
17:01 of 3rd period - Off-side.
17:02 of 3rd period - Kyle Brodziak wins face-off versus Dave Scatchard in neutral zone.
17:05 of 3rd period - Slapshot by Justin Schultz.
17:05 of 3rd period - Stopped by Tobias Stephan with a rebound.
17:47 of 3rd period - Snap shot by Trevor Daley.
17:47 of 3rd period - Stopped by Tobias Stephan with a rebound.
17:49 of 3rd period - Snap shot by Kyle Brodziak.
17:49 of 3rd period - Deflect By Brandon Yip.
17:49 of 3rd period - Stopped by Tobias Stephan without a rebound.
17:50 of 3rd period - Tyler Kennedy wins face-off versus J.T. Wyman in Staline zone.
18:16 of 3rd period - Minor Penalty to Andreas Johansson for Hooking.
18:17 of 3rd period - Kyle Brodziak wins face-off versus Andrei Loktionov in Saguenéens zone.
18:26 of 3rd period - Minor Penalty to J.T. Wyman for Tripping.
18:27 of 3rd period - Joffrey Lupul wins face-off versus Dave Scatchard in Staline zone.
18:38 of 3rd period - Wrist shot by Joffrey Lupul.
18:38 of 3rd period - Stopped by Tobias Stephan with a rebound.
18:40 of 3rd period - Wrist shot by Justin Schultz.
18:40 of 3rd period - Stopped by Tobias Stephan without a rebound.
18:41 of 3rd period - Dave Scatchard wins face-off versus Tyler Kennedy in Staline zone.
19:08 of 3rd period - Ian Cole is hit by Damien Brunner and loses puck.
Goals for this period are 3 for Staline vs 1 for Saguenéens.
Shots for this period are 10 for Staline vs 11 for Saguenéens.
Output by the SimonT Hockey Simulator (STHS) for François Prévost -- Original Page W3C XHTML 1.0 Valid